 Dungeon Crawl Stone Soup version 0.18.1-2-ga659475 (webtiles) character file.

436 dobroeutro the Cleaver (level 6, -3/51 HPs)
             Began as a Minotaur Fighter on May 8, 2016.
             Was a Follower of the Shining One.
             Slain by dobroeutro's ghost (10 damage)
             ... on level 5 of the Dungeon.
             The game lasted 00:06:40 (3763 turns).

dobroeutro the Cleaver (Minotaur Fighter)           Turns: 3763, Time: 00:06:40

Health: -3/51      AC: 13    Str: 22    XL:     6   Next: 69%
Magic:  5/5        EV:  7    Int:  5    God:    the Shining One [*.....]
Gold:   140        SH:  9    Dex: 10    Spells: 0 memorised, 5 levels left

rFire  . . .     SeeInvis .     a - +0 war axe
rCold  . . .     Gourm    .     b - +0 scale mail
rNeg   . . .     Faith    +     c - +0 shield
rPois  .         Spirit   .     (helmet restricted)
rElec  .         Dismiss  .     y - +0 cloak
rCorr  .         Reflect  .     (no gloves)
SustAt .         Harm     .     (no boots)
MR     .....                    u - amulet of faith
Stlth  ..........               (no ring)
                                l - +5 ring of protection

@: glowing, not resistant to hostile enchantments, extremely unstealthy
A: retaliatory headbutt, horns 2
a: Renounce Religion


You were on level 5 of the Dungeon.
You worshipped the Shining One.
The Shining One was aware of your devotion.
You were not hungry.

You visited 1 branch of the dungeon, and saw 5 of its levels.

You collected 140 gold pieces.

Inventory:

Hand Weapons
 a - a +0 war axe (weapon)
Armour
 b - a +0 scale mail (worn)
 c - a +0 shield (worn)
 y - a +0 cloak (worn)
Jewellery
 l - a +5 ring of protection (left hand)
 u - an amulet of faith (around neck)
Scrolls
 e - 4 scrolls of blinking {unknown}
 g - 2 scrolls of teleportation {unknown}
 h - a scroll of recharging {unknown}
 j - 4 scrolls of remove curse {unknown}
 m - 3 scrolls of amnesia {unknown}
 n - 2 scrolls of enchant armour {unknown}
 o - 2 scrolls of identify {unknown}
 v - a scroll of magic mapping {unknown}
 w - a scroll of fog {unknown}
 x - 2 scrolls of enchant weapon {unknown}
Potions
 d - 2 potions of might
 i - a potion of brilliance {unknown}
 k - a potion of cure mutation {unknown}
 p - a potion of lignification {unknown}
 r - a potion of ambrosia {unknown}
 s - a potion of curing {unknown}
 t - a potion of mutation {unknown}
 z - a potion of agility {unknown}
Books
 A - a book of Flames

   Spells                             Type                      Level
   a - Flame Tongue                   Conjuration/Fire             1
   b - Throw Flame                    Conjuration/Fire             2
   c - Conjure Flame                  Conjuration/Fire             3
   d - Inner Flame                    Hexes/Fire                   3
   e - Sticky Flame                   Conjuration/Fire             4
   f - Fireball                       Conjuration/Fire             5
Comestibles
 f - 4 bread rations
 q - a meat ration


   Skills:
 - Level 3.6 Fighting
 + Level 8.7 Axes
 - Level 3.6 Armour
 - Level 3.6 Shields


You had 5 spell levels left.
You didn't know any spells.

Dungeon Overview and Level Annotations

Branches:
Dungeon (5/15)
 Temple: D:4-7

Altars:
Qazlal
Ru
The Shining One

Annotations:
D:5 dobroeutro's ghost, novice DsFi


Innate Abilities, Weirdness & Mutations

You reflexively headbutt those who attack you in melee.
You have a pair of horns on your head.


Message History

You block the ogre's attack.
There is a stone staircase leading down here.
Found a glowing helmet.
You see here a fizzy purple potion.
Found a scroll labeled HACKEH ARE.
You see here a scroll labeled HACKEH ARE.
You block the ogre's attack.
Found a scale mail.
Dobroeutro's ghost (novice Demonspawn Fighter) comes into view.
Dobroeutro's ghost turns its malevolent gaze towards you.
You block the ogre's attack.
You see here an iguana corpse.
Dobroeutro's ghost hits you!
* * * LOW HITPOINT WARNING * * *
You see here an adder corpse.
Dobroeutro's ghost says, "Ah, a second chance to prove myself in battle!"
Found 2 fruits.
Found a forked gold wand.
Dobroeutro's ghost hits you!
You die...

......(...# ...%... ###+###
..######..# ..... #......
#########.# ♣...♣ #......
..........# ♣♣...♣♣ #......
..#########♣ ♣♣.....♣♣♣♣♣#......
..<#######.# #.../.#....#.......
.........#.####...#.#.#....†..###
.........#.......W.O......#..O...
.........#.####.@########.#......
.........#.####.........#.#......
.........#.##....(.....##.#......
.........#..#.##.......##.#......
#...######..#.##......###.#......
#...# #................#......
#.<.# #>#[###.##########......
#...# #.#.###.# #...... #...#
#.#..##.# #######


You could see an ogre and dobroeutro's ghost.

Vanquished Creatures
  A crimson imp (D:5)
  3 orc wizards
  2 worker ants
  An iguana (D:5)
  7 gnolls
  6 adders
  2 oozes (D:4)
  An adder zombie (D:5)
  An adder skeleton (D:4)
  4 worms
  A dart slug (D:2)
  A giant gecko (D:4)
  12 orcs
  7 bats
  4 giant cockroaches
  8 goblins
  4 hobgoblins
  5 jackals
  8 kobolds
  A quokka (D:3)
  6 giant newts
  2 quokka skeletons (D:4)
  7 rats
  6 bushes (D:2)
  2 plants (D:2)
102 creatures vanquished.

Notes
Turn   | Place    | Note
--------------------------------------------------------------
     0 | D:1      | dobroeutro the Minotaur Fighter began the quest for the Orb.
     0 | D:1      | Reached XP level 1. HP: 19/19 MP: 0/0
    21 | D:1      | Reached skill level 3 in Axes
    89 | D:1      | Reached XP level 2. HP: 26/26 MP: 1/1
   344 | D:1      | Reached skill level 4 in Axes
   466 | D:2      | Reached XP level 3. HP: 31/31 MP: 2/2
   530 | D:2      | Found a glowing golden altar of the Shining One.
   552 | D:2      | Reached skill level 5 in Axes
   589 | D:2      | Became a worshipper of the Shining One
   662 | D:2      | Reached XP level 4. HP: 28/39 MP: 3/3
   736 | D:2      | Found a sacrificial altar of Ru.
  1485 | D:3      | Found a stormy altar of Qazlal.
  1509 | D:3      | Reached skill level 6 in Axes
  1668 | D:3      | Found a faded altar to an unknown god.
  2033 | D:3      | Reached XP level 5. HP: 45/45 MP: 4/4
  2381 | D:4      | Reached skill level 7 in Axes
  2476 | D:4      | Reached XP level 6. HP: 51/51 MP: 5/5
  2923 | D:4      | Reached skill level 8 in Axes
  3197 | D:5      | Entered Level 5 of the Dungeon
  3445 | D:5      | Reached * piety under the Shining One
  3726 | D:5      | Noticed dobroeutro's ghost (novice DsFi)
  3730 | D:5      | HP: 2/51 [dobroeutro's ghost (11)]
  3763 | D:5      | Slain by dobroeutro's ghost

Skill      XL: |  1  2  3  4  5  6 |
---------------+-------------------+-----
Axes           | 3 4 5 6 7 8 |  8.7
Fighting       | |  3.6
Armour         | |  3.6
Shields        | |  3.6

Action                   |  1- 3 |  4- 6 || total
-------------------------+-------+-------++-------
Melee: War axe           |    65 |   391 ||   456
       Headbutt          |     8 |   120 ||   128
  Eat: Bread ration      |       |     2 ||     2
       Chunk             |       |     2 ||     2
Armor: Scale mail        |    30 |    60 ||    90
Dodge: Dodged            |    26 |    37 ||    63
Block: Shield            |    29 |    75 ||   104
